Map: Interloper LE

Players

OldManMike

  • Race: Zerg Zerg
  • League: Platinum
  • Spawn Location: 5:00

Yata

  • Race: Zerg Zerg
  • League: Silver
  • Spawn Location: 11:00

TeaMenV

  • Race: Zerg Zerg

Myhome

  • Race: Zerg Zerg
  • League: Diamond

VOD

Have the link to the VOD?

Description

Time

  • Played on: Aug. 26, 2017, 10:16 p.m.
  • Length: 5:36
Show
View Real Time Build Order
Export as new Build Order

OldManMike Zerg 

Build Orders: Hatch First 

Get SALT Encoding   

  12  0:04  Drone  
  13  0:17  Drone  
  14  0:41  Hatchery  
  14  0:42  Overlord  
  13  0:50  Drone  
  14  1:04  Spawning Pool  
  14  1:07  Drone  
  14  1:10  Drone  
  15  1:15  Drone  
  16  1:32  Extractor  
  15  1:34  Drone  
  16  1:51  Zergling x6  
  19  1:56  Queen  
  19  1:57  Drone  
  22  2:07  Roach Warren  
  21  2:11  Drone  
  21  2:13  Drone  
  23  2:33  Drone x2  
  23  2:35  Queen  
  27  2:39  Drone  
  27  2:43  Overlord  
  28  2:44  Overlord  
  27  3:02  Roach  
  27  3:03  Roach x2  
  33  3:13  Drone x5  
  38  3:25  Extractor  
  38  3:26  Ravager  
  38  3:35  Drone  
  39  3:42  Drone x3  
  42  3:52  Zergling x2  
  42  3:54  Overlord  
  43  3:56  Overlord  
  43  4:13  Lair  
  43  4:14  Ravager  
  44  4:17  Drone x2  
  44  4:20  Zergling x2  
  44  4:21  Zergling x6, Hatchery, Drone x2  
  51  4:26  Ravager  
  50  4:42  Zergling x2, Drone  
  33  4:48  Zergling x2  
  33  4:49  Zergling x4  
  33  4:50  Zergling x6  
Show
View Real Time Build Order
Export as new Build Order

Yata Zerg 

Build Orders: Hatch First 

Get SALT Encoding   

  12  0:01  Drone  
  13  0:12  Overlord  
  13  0:23  Drone  
  14  0:32  Drone x2  
  14  0:35  Drone  
  17  0:54  Hatchery  
  16  1:00  Drone x2  
  18  1:18  Extractor  
  17  1:19  Spawning Pool  
  17  1:20  Drone  
  17  1:23  Drone  
  18  1:36  Drone  
  19  1:41  Overlord  
  19  1:57  Drone  
  19  2:00  Drone  
  21  2:08  Drone  
  22  2:10  Queen  
  22  2:11  Queen  
  22  2:13  Zergling x2  
  27  2:20  Metabolic Boost  
  27  2:24  Zergling x2  
  28  2:31  Drone x2  
  28  2:33  Drone  
  31  2:49  Baneling Nest  
  30  2:57  Drone x3  
  30  2:58  Drone  
  34  3:07  Overlord  
  34  3:10  Drone  
  35  3:15  Hatchery  
  34  3:30  Zergling x2  
  34  3:31  Zergling x16  
  43  3:55  Queen  
  43  3:56  Evolution Chamber  
  44  4:07  Lair  
  44  4:09  Extractor  
  43  4:11  Baneling x6  
  43  4:16  Zergling x2  
  44  4:21  Overlord x3  
  44  4:31  Queen  
  44  4:40  Zergling x8  
  44  4:41  Zergling x14  
  52  5:00  Drone x6  
  52  5:03  Baneling  
  52  5:04  Drone  
Show
View Real Time Build Order
Export as new Build Order

TeaMenV Zerg 

Build Orders:  

Get SALT Encoding   

Show
View Real Time Build Order
Export as new Build Order

Myhome Zerg 

Build Orders:  

Get SALT Encoding   

Tags
 
Add a new tag
Caveats
  • Supply blocks, unpowered buildings, or Contaminate may cause inaccurate times.
  • Supply counts are checked every 10 seconds.